[ AOE2 MATCH · #506716912 ]
UnrankedSicilians vs Sicilians
Player's team · LOSS
Rival team · WIN
[ REPLAY ANALYSIS · EXTRACTED FROM THE RECORDED GAME ]
Feudal
—
Castle
—
Imperial
—
| APM avg | 36.6 |
| APM peak | 129 |
| eAPM avg | 28.5 |
| Villagers / military | 30 / 0 |
Focus
⚔️ 24.6% · 🌾 75.4%
Feudal
10:57
Castle
—
Imperial
—
| APM avg | 26.8 |
| APM peak | 64 |
| eAPM avg | 12.5 |
| Villagers / military | 36 / 0 |
Focus
⚔️ 30.1% · 🌾 69.9%
Match map
Initial resources + every placement click. Lines = walls · curves = elevation contours. ◆ gold · ⬟ stone · ● berries · ✦ relic · ◌ wall gap
Your base· ✓ Closed at 12:00 · 6t walls · 1 gate(s)
flpzprop's base· ✓ Closed at 12:00 · 13t walls · no gate
Smoothed initial terrain · ◌ = detected wall gap · hover for details
Inputs per minute
— Papapishu8352 - - flpzprop
Build order — Papapishu8352
47 actions detected in the replay
| 0:00 | Queue | Villager (Male) |
| 0:00 | Queue | Villager (Male) |
| 0:01 | Queue | Villager (Male) |
| 0:02 | Build | House |
| 0:05 | Build | House |
| 0:53 | Queue | Villager (Male) |
| 2:01 | Queue | Villager (Male) |
| 2:02 | Queue | Villager (Male) |
| 2:44 | Queue | Villager (Male) |
| 3:09 | Queue | Villager (Male) |
| 3:09 | Queue | Villager (Male) |
| 3:41 | Queue | Villager (Male) |
| 4:14 | Queue | Villager (Male) |
| 4:14 | Queue | Villager (Male) |
| 4:18 | Build | House |
| 5:14 | Build | Lumber Camp |
| 5:35 | Queue | Villager (Male) |
| 5:57 | Queue | Villager (Male) |
| 5:58 | Research | Loom |
| 6:17 | Queue | Villager (Male) |
| 6:52 | Queue | Villager (Male) |
| 7:37 | Build | House |
| 7:40 | Queue | Villager (Male) |
| 8:47 | Queue | Villager (Male) |
| 10:01 | Build | Town Center |
| 10:34 | Queue | Villager (Male) |
| 11:07 | Build | Palisade Gate |
| 11:13 | Build | Palisade Wall |
| 13:11 | Build | Mill |
| 14:15 | Build | Town Center |
| 14:48 | Queue | Villager (Male) |
| 15:17 | Queue | Villager (Male) |
| 17:05 | Build | Town Center |
| 17:51 | Queue | Villager (Male) |
| 18:04 | Build | Mining Camp |
| 20:31 | Build | Town Center |
| 21:03 | Queue | Villager (Male) |
| 21:05 | Queue | Villager (Male) |
| 22:03 | Queue | Villager (Male) |
| 22:05 | Queue | Villager (Male) |
| 23:16 | Queue | Villager (Male) |
| 25:02 | Build | Mining Camp |
| 26:10 | Build | Town Center |
| 27:08 | Queue | Villager (Male) |
| 27:09 | Queue | Villager (Male) |
| 28:07 | Queue | Villager (Male) |
| 28:42 | Build | Town Center |
Build order — flpzprop
90 actions detected in the replay
| 0:01 | Queue | Villager (Male) |
| 0:01 | Queue | Villager (Male) |
| 0:02 | Queue | Villager (Male) |
| 0:02 | Queue | Villager (Male) |
| 0:07 | Build | House |
| 0:35 | Build | Palisade Wall |
| 1:35 | Queue | Villager (Male) |
| 2:10 | Queue | Villager (Male) |
| 2:21 | Build | House |
| 2:38 | Build | Palisade Wall |
| 2:42 | Queue | Villager (Male) |
| 3:00 | Build | Palisade Wall |
| 3:08 | Build | House |
| 3:12 | Queue | Villager (Male) |
| 3:13 | Queue | Villager (Male) |
| 3:32 | Build | House |
| 4:12 | Queue | Villager (Male) |
| 4:29 | Queue | Villager (Male) |
| 4:40 | Queue | Villager (Male) |
| 4:51 | Build | Lumber Camp |
| 5:18 | Queue | Villager (Male) |
| 5:35 | Queue | Villager (Male) |
| 5:44 | Research | Loom |
| 5:45 | Queue | Villager (Male) |
| 6:29 | Queue | Villager (Male) |
| 6:40 | Queue | Villager (Male) |
| 7:16 | Build | Mill |
| 7:22 | Queue | Villager (Male) |
| 7:55 | Queue | Villager (Male) |
| 8:08 | Queue | Villager (Male) |
| 8:35 | Build | House |
| 8:40 | Research | Feudal Age |
| 9:23 | Build | House |
| 9:26 | Build | Palisade Wall |
| 9:29 | Queue | Villager (Male) |
| 9:47 | Build | Mining Camp |
| 10:19 | Build | Mining Camp |
| 10:57 | Age | Feudal Age |
| 11:09 | Build | Donjon |
| 11:21 | Research | Double-Bit Axe |
| 11:24 | Build | House |
| 11:35 | Build | Donjon |
| 11:46 | Queue | Villager (Male) |
| 11:46 | Queue | Villager (Male) |
| 11:46 | Queue | Villager (Male) |
| 11:47 | Queue | Villager (Male) |
| 12:53 | Build | Donjon |
| 15:08 | Build | Blacksmith |
| 15:56 | Research | Fletching |
| 16:05 | Build | Town Center |
| 17:01 | Build | Palisade Wall |
| 17:02 | Build | Palisade Wall |
| 17:34 | Queue | Villager (Male) |
| 17:34 | Queue | Villager (Male) |
| 17:34 | Queue | Villager (Male) |
| 17:36 | Queue | Villager (Male) |
| 17:44 | Build | Donjon |
| 17:52 | Build | Donjon |
| 18:34 | Build | Donjon |
| 18:58 | Build | Palisade Wall |
| 19:00 | Build | Palisade Wall |
| 19:01 | Build | Palisade Wall |
| 19:54 | Build | Donjon |
| 20:08 | Build | Palisade Wall |
| 20:18 | Build | Palisade Wall |
| 20:19 | Build | Palisade Wall |
| 21:12 | Build | Farm |
| 21:35 | Build | Donjon |
| 22:16 | Build | Farm |
| 22:20 | Build | Farm |
| 22:48 | Build | Farm |
| 22:54 | Build | Farm |
| 23:18 | Queue | Villager (Male) |
| 23:46 | Build | Barracks |
| 24:02 | Queue | Villager (Male) |
| 24:25 | Build | Barracks |
| 24:28 | Build | Palisade Wall |
| 24:36 | Build | Palisade Wall |
| 24:40 | Queue | Villager (Male) |
| 24:56 | Queue | Villager (Male) |
| 24:59 | Build | Farm |
| 25:01 | Build | Farm |
| 25:12 | Build | Farm |
| 25:28 | Queue | Villager (Male) |
| 25:47 | Build | Donjon |
| 27:50 | Queue | Villager (Male) |
| 27:50 | Queue | Villager (Male) |
| 27:58 | Build | House |
| 27:59 | Build | House |
| 28:30 | Build | House |
Match timeline
| 0:35 | flpzprop · wall_segment Palisade Wall x10 |
| 2:38 | flpzprop · wall_segment Palisade Wall x1 |
| 3:00 | flpzprop · wall_segment Palisade Wall x1 |
| 9:26 | flpzprop · wall_segment Palisade Wall x3 |
| 10:57 | flpzprop · age_up feudal |
| 11:09 | flpzprop · first_building Donjon |
| 11:13 | Papapishu8352 · wall_segment Palisade Wall x6 |
| 17:01 | flpzprop · wall_segment Palisade Wall x1 |
| 17:02 | flpzprop · wall_segment Palisade Wall x1 |
| 18:58 | flpzprop · wall_segment Palisade Wall x1 |
| 19:00 | flpzprop · wall_segment Palisade Wall x1 |
| 19:01 | flpzprop · wall_segment Palisade Wall x1 |
| 20:08 | flpzprop · wall_segment Palisade Wall x1 |
| 20:18 | flpzprop · wall_segment Palisade Wall x1 |
| 20:19 | flpzprop · wall_segment Palisade Wall x1 |
| 23:46 | flpzprop · first_building Barracks |
| 24:28 | flpzprop · wall_segment Palisade Wall x1 |
| 24:36 | flpzprop · wall_segment Palisade Wall x1 |
| 29:16 | Papapishu8352 · resign |
[ AI ANALYSIS · 1 CREDIT ]
What really happened in this match?
Wolo.gg analyzes every decision: build order, eco, micro, common mistakes by bracket. Personalized analysis on WhatsApp or Discord in 30 seconds.
Civ guide
Sicilians
Perfil
Jugador #19470619